 Dungeon Crawl Stone Soup version 0.30-a0-272-gf98c3da03f (webtiles) character file.

Game seed: 6175529161251848392

9553 Lanoc the Geomancer (level 11, -17/87 HPs)
             Began as a Demonspawn Earth Elementalist on Oct 15, 2022.
             Was an Elder of Sif Muna.
             Demolished by an orc knight
             ... wielding a +0 battleaxe
              (24 damage)
             ... on level 9 of the Dungeon.
             The game lasted 00:23:23 (10749 turns).

Lanoc the Geomancer (DsEE)                         Turns: 10749, Time: 00:23:24

Health: -17/87     AC: 13    Str:  9    XL:     11   Next: 24%
Magic:  13/14      EV: 24    Int: 21    God:    Sif Muna [****..]
Gold:   949        SH:  0    Dex: 17    Spells: 11/14 levels left

rFire   x . .      SeeInvis .    a - staff of earth
rCold   + . .      Faith    .    (no shield)
rNeg    . . .      Spirit   .    x - +2 ring mail of Marbles {rF- rC+ Dex+4 Stlth+}
rPois   .          Reflect  .    (no helmet)
rElec   .          Harm     .    (no cloak)
rCorr   +          Rampage  .    B - +2 pair of gloves
Will    .....                    L - +2 pair of boots of Sattagy {+Blink}
Stlth   +++.......               J - amulet of magic regeneration
HPRegen 0.34/turn                k - ring of resist corrosion
MPRegen 0.54/turn                r - +4 ring of evasion

@: mighty, agile
A: ignite blood 1, powered by pain 1, sturdy frame 1, demonic touch 1
a: Renounce Religion, Evoke Blink, Channel Magic, Forget Spell, Divine Exegesis


You were on level 9 of the Dungeon.
You worshipped Sif Muna.
Sif Muna was greatly pleased with you.
You visited 3 branches of the dungeon, and saw 13 of its levels.
You also visited: Ossuary.

You collected 949 gold pieces.

Inventory:

Hand Weapons
 b - a +5 dagger of draining
Missiles
 g - 5 atropa-tipped darts
 h - 6 datura-tipped darts
 s - 5 curare-tipped darts
Armour
 f - a +0 pair of boots
 x - the +2 ring mail of Marbles (worn) {rF- rC+ Dex+4 Stlth+}
   (You found it on level 4 of the Dungeon)

   Dex:       It affects your dexterity (+4).
   rF:        It makes you vulnerable to fire.
   rC:        It protects you from cold.
   Stlth:     It makes you more stealthy.
 B - a +2 pair of gloves (worn)
 L - the +2 pair of boots of Sattagy (worn) {+Blink}
   (You found it on level 8 of the Dungeon)

   +Blink:    It lets you blink.
Magical Staves
 a - a staff of earth (weapon)
 v - a staff of conjuration
Jewellery
 k - a ring of resist corrosion (left hand)
 r - a +4 ring of evasion (right hand)
 J - an amulet of magic regeneration (around neck)
Wands
 d - a wand of quicksilver (11)
 l - a wand of flame (62)
 A - a wand of mindburst (21)
 D - a wand of digging (12)
 O - a wand of iceblast (6)
Scrolls
 i - 4 scrolls of butterflies
 j - a scroll of enchant weapon
 w - 2 scrolls of teleportation
 y - a scroll of vulnerability
 E - 3 scrolls of magic mapping
 H - a scroll of summoning
 I - a scroll of poison
 K - a scroll of brand weapon
 P - a scroll of identify
Potions
 c - a potion of cancellation
 e - 4 potions of lignification
 o - 6 potions of curing
 p - 2 potions of brilliance
 q - 3 potions of flight
 t - a potion of magic
 u - 4 potions of mutation
 z - a potion of haste
 C - 2 potions of resistance
 F - 2 potions of ambrosia
 G - a potion of might
Miscellaneous
 N - a condenser vane


   Skills:
 + Level 8.8 Fighting
 + Level 8.3 Dodging
 - Level 1.7 Stealth
 - Level 2.0 Spellcasting
 - Level 0.8 Transmutations
 * Level 11.8 Earth Magic


You had 11 spell levels left.
You knew the following spells:

 Your Spells              Type           Power      Damage    Failure   Level
a - Sandblast             Erth           100%       2d20      1%          1
b - Passwall              Tmut/Erth      35%        N/A       2%          2

Your spell library contained the following spells:

 Spells                   Type           Power      Damage    Failure   Level
 Stone Arrow              Conj/Erth      80%        3d12      6%          3
 Petrify                  Tmut/Erth      43%        N/A       19%         4
 Apportation              Tloc           4%         N/A       24%         1
 Kiss of Death            Conj/Necr      8%         2d6       24%         1
 Blink                    Tloc           4%         N/A       36%         2
 Borgnjor's Vile Clutch   Necr/Erth      20%        N/A       52%         5
 Ignite Poison            Fire/Tmut/Pois 3%         N/A       54%         3
 Confusing Touch          Hex            2%         N/A       58%         3
 Gell's Gravitas          Tloc           2%         N/A       58%         3
 Lesser Beckoning         Tloc           4%         N/A       58%         3
 Teleport Other           Tloc           2%         N/A       58%         3
 Dispel Undead            Necr           2%         3d7       94%         4
 Manifold Assault         Tloc           2%         N/A       94%         4
 Sticky Flame             Conj/Fire      2%         2d3       94%         4
 Alistair's Intoxication  Tmut/Pois      2%         N/A       99%         5
 Eringya's Noxious Bog    Tmut/Pois      1%         N/A       100%        6
 Storm Form               Tmut/Air       1%         N/A       100%        7
 Ignition                 Fire           1%         3d3       100%        8


Dungeon Overview and Level Annotations

Branches:
Dungeon (11/15)            Temple (1/1) D:5            Lair (0/5) D:10
    Orc (1/2) D:9         Ossuary (visited)

Altars:
Fedhas
Hepliaklqana
Kikubaaqudgha
Nemelex Xobeh
Ru
Sif Muna
Trog

Shops:
Orc:1 :

Annotations:
D:7 2 transporters, mopl's ghost, novice OpBr


Innate Abilities, Weirdness & Mutations

Your demonic aura sometimes causes spilled blood to erupt in flames.
You sometimes gain a little power by taking damage.
Your movements are slightly less encumbered by armour. (ER -2)
Your touch may inflict minor irresistible damage on your foes.


Message History

* * * LOW HITPOINT WARNING * * *
You hit the orc knight.
The orc knight is lightly wounded.
The orc knight closely misses you.
As you read the scroll of fear, it crumbles to dust.
You assume a fearsome visage.
The orc knight looks frightened!
Casting: Sandblast (safe; 1% risk of failure)
Confirm with . or Enter, or press ? or * to list all spells.
Aiming: Sandblast (safe; 1% risk of failure)
Press: ? - help, Shift-Dir - straight line, f/p - orc knight
Aim: an orc knight, wielding a +0 battleaxe and wearing a +0 plate armour (lightly wounded, strong, fleeing, 85% to hit)
You feel a surge of power!
The blast of sand hits the orc knight!!
The orc knight is moderately wounded.
Your attack snaps the orc knight out of its fear.
Casting: Sandblast (safe; 1% risk of failure)
Confirm with . or Enter, or press ? or * to list all spells.
Aiming: Sandblast (safe; 1% risk of failure)
Press: ? - help, Shift-Dir - straight line, f/p - orc knight
Aim: an orc knight, wielding a +0 battleaxe and wearing a +0 plate armour (moderately wounded, strong, 85% to hit)
You feel a surge of power!
The blast of sand hits the orc knight!
The orc knight is heavily wounded.
Casting: Sandblast (safe; 1% risk of failure)
Confirm with . or Enter, or press ? or * to list all spells.
Aiming: Sandblast (safe; 1% risk of failure)
Press: ? - help, Shift-Dir - straight line, f/p - orc knight
Aim: an orc knight, wielding a +0 battleaxe and wearing a +0 plate armour (heavily wounded, strong, 85% to hit)
You feel a surge of power!
The blast of sand hits the orc knight but does no damage.
The orc knight is heavily wounded.
The orc knight misses you.
Casting: Sandblast (safe; 1% risk of failure)
Confirm with . or Enter, or press ? or * to list all spells.
Aiming: Sandblast (safe; 1% risk of failure)
Press: ? - help, Shift-Dir - straight line, f/p - orc knight
Aim: an orc knight, wielding a +0 battleaxe and wearing a +0 plate armour (heavily wounded, strong, 85% to hit)
You feel a surge of power!
The blast of sand hits the orc knight.
The orc knight is heavily wounded.
The orc knight barely misses you.
The orc knight hits you with a +0 battleaxe!!
You die...

##.########## #.# ##.# #.# ##.#
#.# ##.# ##.# ##.## ###..## ##..#
####.....#### ###.# #.....8.....#
# #.## ##...........## #
#..####.....[.@.....##
####..##..8....>o...8..##########
..............).)..[....)).......
.........#.......)...############
#####..#.#)....8.....########
##.#.####.....####......#
#.#.#.........#...####.#
#.#.#.#####..##...####.#
#.#.#.#................#


You could see an orc knight (strong).

Vanquished Creatures
  2 two-headed ogres (D:10)
  Joseph (D:8)
  2 trolls
  A hornet (D:8)
  Prince Ribbit (D:8)
  A shadow (D:11)
  Sigmund (D:5)
  A wyvern (D:11)
  2 vampires
  8 yaks (D:9)
  A wraith (D:9)
  A vampire mosquito (D:8)
  2 wargs
  3 acid dragons
  Edmund (D:4)
  A water moccasin (D:5)
  Duvessa (D:6)
  5 ice beasts
  3 orc warriors (D:9)
  An ogre (D:5)
  A centaur (D:10)
  3 bullfrogs
  3 phantoms (D:5)
  A kobold brigand (D:7)
  3 elf zombies (Ossuary)
  3 necrophages
  A gnoll sergeant (D:9)
  4 scorpions
  A wight (D:8)
  Dowan (D:6)
  18 killer bees
  6 howler monkeys
  2 jellies
  3 hounds
  A gnoll bouda (D:7)
  3 orc priests
  Jessica (D:3)
  3 iguanas
  9 orc wizards
  A hound zombie (Ossuary)
  4 mummies (Ossuary)
  4 adders
  11 gnolls
  5 shadow imps
  3 white imps
  2 adder zombies (Ossuary)
  2 worms
  A dart slug (D:4)
  29 orcs
  8 bats
  9 endoplasms
  6 giant cockroaches
  8 goblins
  9 hobgoblins
  5 jackals
  2 quokkas
  7 ball pythons
  3 frilled lizards
  A gnoll zombie (Ossuary)
  A goblin zombie (Ossuary)
  A hobgoblin zombie (Ossuary)
  A jackal zombie (Ossuary)
  15 kobolds
  4 rats
  2 rat zombies (Ossuary)
250 creatures vanquished.

Vanquished Creatures (others)
  12 fungi (D:10)
  2 toadstools (D:10)
14 creatures vanquished.

Grand Total: 264 creatures vanquished

Notes
Turn   | Place    | Note
-------+----------+-------------------------------------------
     0 | D:1      | Lanoc the Demonspawn Earth Elementalist began the quest for
                  | the Orb.
     0 | D:1      | Reached XP level 1. HP: 13/13 MP: 3/3
   141 | D:1      | Reached skill level 3 in Earth Magic
   203 | D:1      | Gained mutation: You sometimes gain a little power by
                  | taking damage. [demonic ancestry]
   203 | D:1      | Reached XP level 2. HP: 17/20 MP: 1/5
   684 | D:1      | Reached skill level 1 in Fighting
   684 | D:1      | Reached XP level 3. HP: 26/26 MP: 3/6
  1240 | D:2      | Found a faded altar of an unknown god.
  2124 | D:3      | Noticed Jessica
  2129 | D:3      | Killed Jessica
  2130 | D:3      | Reached XP level 4. HP: 32/32 MP: 5/7
  2214 | D:3      | Noticed a scorpion
  2220 | D:3      | Killed a scorpion
  2221 | D:3      | Reached skill level 4 in Earth Magic
  2221 | D:3      | Reached XP level 5. HP: 37/38 MP: 5/8
  2538 | D:3      | Found a shimmering blue altar of Sif Muna.
  2765 | D:3      | Became a worshipper of Sif Muna the Loreminder
  3099 | D:4      | Noticed Edmund
  3133 | D:4      | Killed Edmund
  3134 | D:4      | Gained mutation: Your movements are slightly less
                  | encumbered by armour. (ER -2) [demonic ancestry]
  3134 | D:4      | Reached XP level 6. HP: 29/46 MP: 7/9
  3506 | D:4      | Identified the +2 ring mail of Marbles {rF- rC+ Dex+4
                  | Stlth+}
  3525 | D:4      | Found a hazy altar of Hepliaklqana.
  3994 | D:5      | Entered Level 5 of the Dungeon
  3999 | D:5      | Found an ancient bone altar of Kikubaaqudgha.
  4036 | D:5      | Reached skill level 5 in Earth Magic
  4087 | D:5      | Found a blossoming altar of Fedhas.
  4146 | D:5      | Noticed an ice beast
  4161 | D:5      | Killed an ice beast
  4334 | D:5      | Gained mutation: Your demonic aura sometimes causes spilled
                  | blood to erupt in flames. [demonic ancestry]
  4334 | D:5      | Reached XP level 7. HP: 52/52 MP: 7/10
  4417 | D:5      | Noticed Sigmund
  4424 | D:5      | Killed Sigmund
  4473 | D:5      | Reached skill level 6 in Earth Magic
  4716 | D:5      | Gained mutation: Your touch may inflict minor irresistible
                  | damage on your foes. [demonic ancestry]
  4716 | D:5      | Reached XP level 8. HP: 60/60 MP: 5/11
  4773 | D:5      | Reached * piety under Sif Muna
  5283 | D:5      | Found a sparkling altar of Nemelex Xobeh.
  5289 | D:5      | Reached skill level 7 in Earth Magic
  5506 | D:5      | Found a staircase to the Ecumenical Temple.
  5513 | Temple   | Entered the Ecumenical Temple
  5606 | D:5      | Learned a level 2 spell: Passwall
  5647 | D:6      | Reached skill level 5 in Dodging
  5710 | D:6      | Found a sand-covered staircase.
  5715 | Ossuary  | Entered an ossuary
  5722 | Ossuary  | Reached skill level 5 in Fighting
  6213 | D:6      | Noticed Duvessa
  6219 | D:6      | Noticed Dowan
  6222 | D:6      | Killed Duvessa
  6224 | D:6      | Killed Dowan
  6225 | D:6      | Reached skill level 8 in Earth Magic
  6340 | D:6      | Found a sacrificial altar of Ru.
  6350 | D:6      | Found a bloodstained altar of Trog.
  6437 | D:6      | Reached XP level 9. HP: 41/69 MP: 6/12
  6955 | D:7      | Noticed mopl's ghost (novice OpBr)
  6955 | D:7      | Found a transporter.
  6955 | D:7      | Found a transporter.
  7003 | D:7      | Reached ** piety under Sif Muna
  7738 | D:8      | Noticed Prince Ribbit
  7742 | D:8      | Killed Prince Ribbit
  7743 | D:8      | Reached skill level 9 in Earth Magic
  7762 | D:8      | Noticed Joseph
  7770 | D:8      | Killed Joseph
  8058 | D:8      | Reached *** piety under Sif Muna
  8159 | D:8      | Paralysed by a hornet for 1 turns
  8162 | D:8      | Paralysed by a hornet for 1 turns
  8165 | D:8      | Reached XP level 10. HP: 54/79 MP: 7/13
  8322 | D:8      | Identified the +2 pair of boots of Sattagy {+Blink}
  8367 | D:8      | Reached skill level 10 in Earth Magic
  8407 | D:8      | Noticed a seven-headed hydra
  8474 | D:8      | Noticed an angel
  8746 | D:9      | Found a staircase to the Orcish Mines.
  9338 | D:9      | Reached **** piety under Sif Muna
  9561 | D:10     | Entered Level 10 of the Dungeon
  9567 | D:10     | Reached skill level 11 in Earth Magic
  9613 | D:10     | Noticed a two-headed ogre
  9678 | D:10     | Killed a two-headed ogre
  9843 | D:10     | Reached XP level 11. HP: 84/87 MP: 12/14
 10064 | D:10     | Found a staircase to the Lair.
 10069 | D:10     | Noticed a two-headed ogre
 10076 | D:10     | Killed a two-headed ogre
 10370 | Orc:1    | Entered Level 1 of the Orcish Mines
 10370 | Orc:1    | Found Etootidu's Book Emporium.
 10385 | Orc:1    | Noticed an orc knight
 10391 | Orc:1    | Noticed an orc knight
 10739 | Orc:1    | Noticed an orc sorcerer
 10742 | D:9      | HP: 4/87 [orc knight/+0 battleaxe (17)]
 10749 | D:9      | Demolished by an orc knight

Illustrated notes

Levels and vault maps discovered:
D:1:      zaba_arrival_water, layout_basic
D:2:      layout_loops_ring, hellmonk_ecumenical_altar_lost_god,
          serial_aquarium, aquarium_bridge_long_joined
          [aquarium_subvault_window, aquarium_subvault_bridge,
          aquarium_subvault_bridge, aquarium_subvault_window,
          aquarium_subvault_balcony, aquarium_subvault_window],
          aquarium_bridge_straight [aquarium_subvault_bridge,
          aquarium_subvault_wall, aquarium_subvault_bridge,
          aquarium_subvault_balcony], aquarium_window_double,
          aquarium_window_fake, aquarium_view_2c, aquarium_pool_five
D:3:      layout_loops_ring, lemuel_blue_sif_altar, uniq_jessica
D:4:      layout_basic, lemuel_round_altar, kennysheep_windowed_goal,
          uniq_edmund
D:5:      layout_basic, nicolae_overflow_crystal_walls,
          nemelex_diamond_rough_becter, amcnicky_altar_gilded,
          minmay_temple_entry_nine_rooms, uniq_sigmund
D:6:      cheibrodos_helix_gallery, layout_loops_ring,
          amethyst_overflow_temple_binary, nicolae_ossuary_entry_ruins,
          uniq_duvessa
D:7:      layout_rooms, gammafunk_ghost_hive
D:8:      kennysheep_blocky_room, layout_cave_pools, zin_angel,
          minmay_fractal_squares_gapless_5, uniq_joseph, uniq_prince_ribbit1
D:9:      layout_basic, david_orc_2
D:10:     layout_cross, overflow_temple_1_default, lair_entry_dummy,
          minmay_gold_behind_fungi
D:11:     layout_loops_ring, nicolae_danse_macabre
Temple:   nicolae_temple_figure_eight
Orc:1:    layout_diamond_mine, serial_shops, nicolae_shop_waterfront,
          mines_bat_river

Skill      XL: |  1  2  3  4  5  6  7  8  9 10 |
---------------+-------------------------------+-----
Dodging        | 2 3 4 5 6 8 |  8.3
Earth Magic    | 3 4 5 6 8 9 11 | 11.8
Fighting       | 1 2 3 4 5 7 8 |  8.8
Stealth        | |  1.7
Spellcasting   | |  2.0
Transmutations | |  0.8

Action                   |  1- 3 |  4- 6 |  7- 9 | 10-12 || total
-------------------------+-------+-------+-------+-------++-------
Melee: Unarmed           |    26 |       |       |       ||    26
       Dagger            |       |    55 |    56 |    26 ||   137
       Punch             |       |     1 |     2 |     1 ||     4
       Touch             |       |       |     7 |     7 ||    14
       Staff             |       |       |       |     3 ||     3
 Cast: Sandblast         |    67 |    58 |   189 |   169 ||   483
  Use: Scroll            |       |       |    13 |     9 ||    22
       Potion            |       |       |     2 |     6 ||     8
 Stab: Sleeping          |       |       |     1 |       ||     1
Armor: Robe              |    22 |     6 |       |       ||    28
       Ring mail         |       |     8 |    79 |    68 ||   155
       Skin              |       |       |    21 |       ||    21
Dodge: Dodged            |    36 |    66 |   195 |   217 ||   514

Table legend: (Time is in decaauts)
 A = Elapsed time spent in this place.
 B = Non-inter-level travel time spent in this place.
 C = Inter-level travel time spent in this place.
 D = Time resting spent in this place.
 E = Time spent auto-exploring this place.
 F = Levels seen in this place.
 G = Mean time per level.
                   A        B        C        D        E       F      G
               +--------+--------+--------+--------+--------+-----+--------+
         Total |  11010 |  10546 |    464 |    456 |   8251 |  14 |  786.4 |
       Dungeon |  10493 |  10029 |    464 |    456 |   7911 |  11 |  953.9 |
        Temple |      1 |      1 |      0 |      0 |      0 |   1 |    1.0 |
  Orcish Mines |     47 |     47 |      0 |      0 |      5 |   1 |   47.0 |
       Ossuary |    468 |    468 |      0 |      0 |    335 |   1 |  468.0 |
               +--------+--------+--------+--------+--------+-----+--------+

Top non-repeatable levels by time:
     D:5: 1642 daAuts
     D:9: 1435 daAuts
     D:1: 1204 daAuts
     D:4: 1117 daAuts
     D:8: 1025 daAuts
     D:2: 936 daAuts
     D:6: 911 daAuts
     D:7: 804 daAuts
     D:3: 794 daAuts
 Ossuary: 468 daAuts
    D:10: 444 daAuts
    D:11: 176 daAuts
   Orc:1: 47 daAuts
  Temple: 1 daAuts
